Rangers + Air N Sea Crusaders

Match 22062804
End
Construct Barracks
Riflemen Squad
Riflemen Squad
Selects Advanced Infantry Battlegroup
Construct Weapon Support Center
M1919 Machine Gun Team
Selects Convert to Ranger Squad
Convert to Ranger Squad
Mechanized Support Center
M16 Multiple Gun Motor Carriage
Convert to Ranger Squad
Engineer Squad
Improved M9 Bazooka Rockets
Selects Frontline Medical Station
Construct Tank Depot
Selects Ranger Weapon Training
Selects Ammunition Storage
M4A1 Sherman Medium Tank
M4A1 76mm Conversion
Designate Forward Repair Station
Improvised Armor
M3 Armored Personnel Carrier
Marauder
ßoo
Carrots
Legend has it
0
0

Comments sign in to comment!

No comments posted yet!